APP
PULASKI YANKEES @ CLEVELAND (APP) INDIANS
09/14/2049
 
TOP OF THE 1ST
Pulaski Yankees batting - Pitching for Cleveland (APP) Indians : RHP Philip Nieves
Pitching: RHP Philip Nieves
Batting: LHB Dave Ortiz 0-0: Called Strike
0-1: Fly out, F5 (Popup, 15, EV 88.8 MPH)
Batting: RHB Ken Stair 0-0: Ground out U3 (Groundball, 3, EV 103.8 MPH)
Batting: RHB Paul Ngumi 0-0: SINGLE (Groundball, 34D, EV 93.8 MPH)
Batting: LHB Troy Jones 0-0: Foul Ball, location: 2F
0-1: Ground out 4-3 (Groundball, 4, EV 89.4 MPH)
Top of the 1st over - 0 runs, 1 hit, 0 errors, 1 left on base; Pulaski 0 - Cleveland (APP) 0
BOTTOM OF THE 1ST
Cleveland (APP) Indians batting - Pitching for Pulaski Yankees : RHP Toshikazu Miyahara
Pitching: RHP Toshikazu Miyahara
Batting: RHB Quan Tai 0-0: Ball
1-0: Ball
2-0: Foul Ball, location: 2F
2-1: Foul Ball, location: 2F
2-2: Foul Ball, location: 2F
2-2: SOLO HOME RUN (Flyball, 78XD, EV 100.0 MPH), Distance : 417 ft
Batting: RHB Xavier Bartolani 0-0: Foul Ball, location: 2F
0-1: Ball
1-1: Ball
2-1: Swinging Strike
2-2: Ball
3-2: Foul Ball, location: 2F
3-2: Strikes out swinging
Batting: SHB Jack Tierney 0-0: Ground out U3 (Groundball, 3, EV 106.2 MPH)
Batting: RHB Makoto Narita 0-0: Ball
1-0: Ground out 6-3 (Groundball, 6S, EV 81.2 MPH)
Bottom of the 1st over - 1 run, 1 hit, 0 errors, 0 left on base; Pulaski 0 - Cleveland (APP) 1
TOP OF THE 2ND
Pulaski Yankees batting - Pitching for Cleveland (APP) Indians : RHP Philip Nieves
Batting: RHB Jim O'Dwyer 0-0: Called Strike
0-1: Ball
1-1: Foul Ball, location: 2F
1-2: Fly out, F8 (Line Drive, 8LD, EV 91.2 MPH)
Batting: RHB Jonathan Feldstein 0-0: Called Strike
0-1: Ball
1-1: Ball
2-1: Ball
3-1: Foul Ball, location: 2F
3-2: Base on Balls
Batting: RHB Bailey Hays 0-0: Ball
1-0: Called Strike
1-1: Foul Ball, location: 2F
1-2: Foul Ball, location: 2F
1-2: Ball
2-2: Strikes out looking
Batting: LHB Rip Log 0-0: Called Strike
Jonathan Feldstein steals 2nd base
0-1: Foul Ball, location: 2F
0-2: Ball
1-2: Fly out, F8 (Flyball, 8RD, EV 103.8 MPH)
Top of the 2nd over - 0 runs, 0 hits, 0 errors, 1 left on base; Pulaski 0 - Cleveland (APP) 1
BOTTOM OF THE 2ND
Cleveland (APP) Indians batting - Pitching for Pulaski Yankees : RHP Toshikazu Miyahara
Batting: SHB Jay Rook 0-0: Ball
1-0: Called Strike
1-1: Ground out 1-3 (Groundball, 13, EV 63.8 MPH)
Batting: LHB Mario Garza 0-0: Swinging Strike
0-1: Called Strike
0-2: Ball
1-2: Ball
2-2: Ball
3-2: Strikes out looking
Batting: RHB Rob Marti 0-0: Swinging Strike
0-1: Swinging Strike
0-2: Ball
1-2: Strikes out looking
Bottom of the 2nd over - 0 runs, 0 hits, 0 errors, 0 left on base; Pulaski 0 - Cleveland (APP) 1
TOP OF THE 3RD
Pulaski Yankees batting - Pitching for Cleveland (APP) Indians : RHP Philip Nieves
Batting: RHB Juan Perez 0-0: Fly out, F6 (Popup, P, EV 78.8 MPH)
Batting: LHB Dave Ortiz 0-0: Called Strike
0-1: Foul Ball, location: 2F
0-2: Foul Ball, location: 2F
0-2: Ball
1-2: Ball
2-2: Strikes out swinging
Batting: RHB Ken Stair 0-0: Ball
1-0: Ball
2-0: Ball
3-0: Base on Balls
Batting: RHB Paul Ngumi 0-0: Ball
1-0: Ball
2-0: Foul Ball, location: 2F
2-1: Called Strike
2-2: Foul Ball, location: 2F
2-2: Ball
3-2: Foul Ball, location: 2F
3-2: SINGLE (Groundball, 6S, EV 64.4 MPH) (infield hit)
Ken Stair to second
Batting: LHB Troy Jones 0-0: Called Strike
0-1: Ball
1-1: Fly out, F9 (Flyball, 9D, EV 106.9 MPH)
Top of the 3rd over - 0 runs, 1 hit, 0 errors, 2 left on base; Pulaski 0 - Cleveland (APP) 1
BOTTOM OF THE 3RD
Cleveland (APP) Indians batting - Pitching for Pulaski Yankees : RHP Toshikazu Miyahara
Batting: RHB Cruz Castro 0-0: Ball
1-0: Foul Ball, location: 2F
1-1: Ball
2-1: Foul Ball, location: 2F
2-2: Foul Ball, location: 2F
2-2: Ball
3-2: Base on Balls
Batting: SHB Luis de Leon 0-0: Called Strike
0-1: Fly out, F8 (Flyball, 8LS, EV 81.9 MPH)
Batting: RHB Quan Tai 0-0: Called Strike
0-1: Foul Ball, location: 2F
0-2: Ball
1-2: Ball
2-2: Foul Ball, location: 2F
2-2: Ball
3-2: Base on Balls
Cruz Castro to second
Batting: RHB Xavier Bartolani 0-0: Fly out, F4 (Popup, 4M, EV 64.4 MPH)
Batting: SHB Jack Tierney 0-0: Called Strike
0-1: Ball
1-1: Ball
2-1: Called Strike
2-2: Foul Ball, location: 2F
2-2: Ball
3-2: Foul Ball, location: 2F
3-2: Base on Balls
Cruz Castro to third
Quan Tai to second
Batting: RHB Makoto Narita 0-0: Ball
1-0: Ball
2-0: Ball
3-0: Called Strike
3-1: Base on Balls
Cruz Castro scores
Quan Tai to third
Jack Tierney to second
Batting: SHB Jay Rook 0-0: Called Strike
0-1: Ball
Passed Ball!
Quan Tai scores
Jack Tierney to third
Makoto Narita to second
1-1: Ball
2-1: Ball
3-1: Ground out U3 (Groundball, 3, EV 90.6 MPH)
Bottom of the 3rd over - 2 runs, 0 hits, 0 errors, 2 left on base; Pulaski 0 - Cleveland (APP) 3
TOP OF THE 4TH
Pulaski Yankees batting - Pitching for Cleveland (APP) Indians : RHP Philip Nieves
Batting: RHB Jim O'Dwyer 0-0: Foul Ball, location: 2F
0-1: Ball
1-1: Called Strike
1-2: SINGLE (Line Drive, 8LS, EV 100.0 MPH)
Batting: RHB Jonathan Feldstein 0-0: Ball
1-0: Foul Ball, location: 2F
1-1: Grounds into double play, 6-4-3 (Groundball, 6M, EV 100.0 MPH)
Batting: RHB Bailey Hays 0-0: Fly out, F9 (Flyball, 9D, EV 86.2 MPH)
Top of the 4th over - 0 runs, 1 hit, 0 errors, 0 left on base; Pulaski 0 - Cleveland (APP) 3
BOTTOM OF THE 4TH
Cleveland (APP) Indians batting - Pitching for Pulaski Yankees : RHP Toshikazu Miyahara
Batting: LHB Mario Garza 0-0: Foul Ball, location: 2F
0-1: Ball
1-1: Fly out, F5 (Popup, 56, EV 83.1 MPH)
Batting: RHB Rob Marti 0-0: Ball
1-0: Ball
2-0: SINGLE (Groundball, 56D, EV 93.8 MPH)
Batting: RHB Cruz Castro 0-0: Ball
1-0: Fielders Choice at 2nd, 6-4 (Groundball, 6, EV 103.1 MPH)
Batting: SHB Luis de Leon 0-0: Ball
1-0: Swinging Strike
1-1: Foul Ball, location: 2F
1-2: Foul Ball, location: 2F
1-2: Strikes out looking
Bottom of the 4th over - 0 runs, 1 hit, 0 errors, 1 left on base; Pulaski 0 - Cleveland (APP) 3
TOP OF THE 5TH
Pulaski Yankees batting - Pitching for Cleveland (APP) Indians : RHP Philip Nieves
Batting: LHB Rip Log 0-0: Ball
1-0: Ball
2-0: Called Strike
2-1: Ball
3-1: Base on Balls
Batting: RHB Juan Perez 0-0: Called Strike
0-1: Foul Ball, location: 2F
0-2: Ball
1-2: Fielders Choice at 2nd, 5-4 (Groundball, 56, EV 88.8 MPH)
Batting: LHB Dave Ortiz 0-0: SINGLE (Groundball, 34D, EV 97.5 MPH)
Juan Perez to second
Runner from 2nd tries for 3rd, SAFE, throw by RF made to third
Batting: RHB Ken Stair 0-0: Foul Ball, location: 2F
0-1: Ball
1-1: Foul Ball, location: 2F
1-2: Ball
2-2: Ball
3-2: Base on Balls
Dave Ortiz to second
Batting: RHB Paul Ngumi 0-0: Called Strike
0-1: Ball
1-1: Swinging Strike
1-2: Strikes out swinging
Batting: LHB Troy Jones 0-0: Foul Ball, location: 2F
0-1: Ball
1-1: Foul Ball, location: 2F
1-2: Foul Ball, location: 2F
1-2: TRIPLE (Line Drive, 78XD, EV 106.9 MPH)
Juan Perez scores
Dave Ortiz scores
Ken Stair scores
Pitching: RHP David Aldape
Pinch Hitting: LHB Chris Viehman 0-0: Called Strike
0-1: Ground out 6-3 (Groundball, 6, EV 86.9 MPH)
Top of the 5th over - 3 runs, 2 hits, 0 errors, 1 left on base; Pulaski 3 - Cleveland (APP) 3
BOTTOM OF THE 5TH
Cleveland (APP) Indians batting - Pitching for Pulaski Yankees : RHP Toshikazu Miyahara
Now at 1B: Chris Viehman
Batting: RHB Quan Tai 0-0: Called Strike
0-1: Ball
1-1: Ball
2-1: Ball
3-1: Called Strike
3-2: Fly out, F8 (Flyball, 8LD, EV 105.6 MPH)
Batting: RHB Xavier Bartolani 0-0: Called Strike
0-1: Called Strike
0-2: Foul Ball, location: 2F
0-2: Ball
1-2: Foul Ball, location: 2F
1-2: Foul Ball, location: 2F
1-2: Foul Ball, location: 2F
1-2: Foul Ball, location: 2F
1-2: Ball
2-2: Ball
3-2: SINGLE (Line Drive, 34D, EV 96.2 MPH)
Batting: SHB Jack Tierney 0-0: Foul Ball, location: 2F
0-1: Ball
Xavier Bartolani is caught stealing 2nd base 2-6
1-1: Foul Ball, location: 2F
1-2: Ball
2-2: Foul Ball, location: 2F
2-2: SOLO HOME RUN (Flyball, 9D, EV 100.0 MPH), Distance : 411 ft
Batting: RHB Makoto Narita 0-0: Called Strike
0-1: Ball
1-1: DOUBLE (Line Drive, 8RXD, EV 109.4 MPH)
Batting: SHB Jay Rook 0-0: Ball
1-0: Ball
2-0: Swinging Strike
2-1: Called Strike
2-2: Ball
3-2: Foul Ball, location: 2F
3-2: Foul Ball, location: 2F
3-2: Base on Balls
Pitching: RHP Manny de la Cruz
Batting: LHB Mario Garza 0-0: Foul Ball, location: 2F
0-1: Called Strike
0-2: Ball
1-2: Strikes out swinging
Bottom of the 5th over - 1 run, 3 hits, 0 errors, 2 left on base; Pulaski 3 - Cleveland (APP) 4
TOP OF THE 6TH
Pulaski Yankees batting - Pitching for Cleveland (APP) Indians : RHP David Aldape
Pinch Hitting: RHB Yasuoka Tsuda 0-0: Ball
1-0: Ball
2-0: Called Strike
2-1: Foul Ball, location: 2F
2-2: Strikes out swinging
Batting: RHB Bailey Hays 0-0: Fly out, F8 (Flyball, 8RS, EV 80.0 MPH)
Batting: LHB Rip Log 0-0: Called Strike
0-1: SINGLE (Groundball, 34, EV 101.2 MPH)
Pinch Hitting: RHB Jose Villanueva 0-0: Called Strike
0-1: Ball
1-1: Ball
2-1: Swinging Strike
2-2: Ball
3-2: Foul Ball, location: 2F
3-2: Ground out 4-3 (Groundball, 34, EV 106.9 MPH)
Top of the 6th over - 0 runs, 1 hit, 0 errors, 1 left on base; Pulaski 3 - Cleveland (APP) 4
BOTTOM OF THE 6TH
Cleveland (APP) Indians batting - Pitching for Pulaski Yankees : RHP Manny de la Cruz
Now at 3B: Yasuoka Tsuda
Now at SS: Victor Garcia
Batting: RHB Rob Marti 0-0: Ball
1-0: SINGLE (Groundball, 6MD, EV 99.4 MPH)
Batting: RHB Cruz Castro 0-0: Called Strike
0-1: Ground out 5-3 (Groundball, 6S, EV 84.4 MPH)
Rob Marti to second
Batting: SHB Luis de Leon 0-0: Ball
1-0: Ground out 4-3 (Groundball, 4, EV 105.0 MPH)
Rob Marti to third
Batting: RHB Quan Tai 0-0: Ball
1-0: Foul Ball, location: 2F
1-1: Fly out, F8 (Line Drive, 8LD, EV 85.6 MPH)
Bottom of the 6th over - 0 runs, 1 hit, 0 errors, 1 left on base; Pulaski 3 - Cleveland (APP) 4
TOP OF THE 7TH
Pulaski Yankees batting - Pitching for Cleveland (APP) Indians : RHP David Aldape
Now in CF: Russ Kennett
Now in RF: Xavier Bartolani
Batting: LHB Dave Ortiz 0-0: Ball
1-0: Called Strike
1-1: Ball
2-1: Called Strike
2-2: Strikes out swinging
Batting: RHB Ken Stair 0-0: Ball
1-0: Called Strike
1-1: Foul Ball, location: 2F
1-2: Strikes out swinging
Batting: RHB Paul Ngumi 0-0: Called Strike
0-1: Swinging Strike
0-2: Ball
1-2: Strikes out swinging
Top of the 7th over - 0 runs, 0 hits, 0 errors, 0 left on base; Pulaski 3 - Cleveland (APP) 4
BOTTOM OF THE 7TH
Cleveland (APP) Indians batting - Pitching for Pulaski Yankees : RHP Manny de la Cruz
Batting: RHB Xavier Bartolani 0-0: Ball
1-0: Called Strike
1-1: Swinging Strike
1-2: Fly out, F4 (Popup, 34D, EV 39.4 MPH)
Batting: SHB Jack Tierney 0-0: Ball
1-0: Ball
2-0: Ball
3-0: Foul Ball, location: 2F
3-1: Base on Balls
Pitching: RHP Zack Young
Batting: RHB Makoto Narita 0-0: Ball
1-0: Ball
2-0: Ball
3-0: Base on Balls
Jack Tierney to second
Batting: SHB Jay Rook 0-0: Called Strike
0-1: Called Strike
0-2: Ball
1-2: Strikes out swinging
Batting: RHB Russ Kennett 0-0: Ball
Passed Ball!
Jack Tierney to third
Makoto Narita to second
1-0: Reached on error, E5 (Groundball, 56S, EV 68.8 MPH)
Jack Tierney scores
Makoto Narita scores
Batting: RHB Rob Marti 0-0: Ball
1-0: Foul Ball, location: 2F
1-1: Called Strike
1-2: Ball
2-2: SINGLE (Line Drive, 9S, EV 99.4 MPH)
Russ Kennett to third
Batting: RHB Cruz Castro 0-0: Ball
1-0: Ball
2-0: Called Strike
2-1: Foul Ball, location: 2F
2-2: Foul Ball, location: 2F
2-2: Strikes out looking
Bottom of the 7th over - 2 runs, 1 hit, 1 error, 2 left on base; Pulaski 3 - Cleveland (APP) 6
TOP OF THE 8TH
Pulaski Yankees batting - Pitching for Cleveland (APP) Indians : RHP David Aldape
Batting: LHB Troy Jones 0-0: Called Strike
0-1: Ball
1-1: Ground out 4-3 (Groundball, 4, EV 101.2 MPH)
Batting: LHB Chris Viehman 0-0: Fly out, F8 (Line Drive, 8RD, EV 105.6 MPH)
Batting: RHB Yasuoka Tsuda 0-0: Ball
1-0: Ball
2-0: Ball
3-0: Base on Balls
Pitching: RHP Warren Waldman
Pinch Hitting: LHB Victor Reyna 0-0: Ball
1-0: Called Strike
1-1: Fly out, F9 (Line Drive, 9S, EV 99.4 MPH)
Top of the 8th over - 0 runs, 0 hits, 0 errors, 1 left on base; Pulaski 3 - Cleveland (APP) 6
BOTTOM OF THE 8TH
Cleveland (APP) Indians batting - Pitching for Pulaski Yankees : RHP Zack Young
Now in LF: Victor Reyna
Batting: SHB Luis de Leon 0-0: Ball
1-0: Reached on error, E5 (Groundball, 5, EV 104.4 MPH)
Batting: RHB Quan Tai 0-0: Fly out, F5 (Popup, 5SF, EV 81.9 MPH)
Batting: RHB Xavier Bartolani 0-0: Fly out, F9 (Flyball, 9S, EV 78.8 MPH)
Batting: SHB Jack Tierney 0-0: Called Strike
0-1: Ball
1-1: Ball
2-1: Ball
3-1: Base on Balls
Pitching: RHP Chris Bryant
Batting: RHB Makoto Narita 0-0: Ball
1-0: Fielders Choice at 2nd, 6-4 (Groundball, 6, EV 105.6 MPH)
Bottom of the 8th over - 0 runs, 0 hits, 1 error, 2 left on base; Pulaski 3 - Cleveland (APP) 6
TOP OF THE 9TH
Pulaski Yankees batting - Pitching for Cleveland (APP) Indians : RHP Warren Waldman
Pitching: LHP Sam Johnson
Pinch Hitting: RHB Tchaa Kombate 0-0: Ball
1-0: Called Strike
1-1: Ball
2-1: Ball
3-1: Base on Balls
Batting: RHB Victor Garcia 0-0: Called Strike
0-1: Swinging Strike
0-2: Ball
1-2: Ball
Wild Pitch!
Tchaa Kombate to second
2-2: Ball
3-2: Strikes out swinging
Batting: LHB Dave Ortiz 0-0: Foul Ball, location: 2F
0-1: Ball
Wild Pitch!
Tchaa Kombate to third
1-1: Swinging Strike
1-2: Ball
2-2: Ball
3-2: Ground out 4-3 (Groundball, 4, EV 97.5 MPH)
Tchaa Kombate scores
Batting: RHB Ken Stair 0-0: Ball
1-0: Called Strike
1-1: Foul Ball, location: 2F
1-2: Foul Ball, location: 2F
1-2: Ball
2-2: Ball
3-2: Fly out, F5 (Line Drive, 56, EV 67.5 MPH)
Top of the 9th over - 1 run, 0 hits, 0 errors, 0 left on base; Pulaski 4 - Cleveland (APP) 6
Sunday, July 16th , 2023 - OOTP Baseball 24.6 Build 69